 Dungeon Crawl Stone Soup version 0.17.0-28-g6e173f8 (webtiles) character file.

557 plasmid the Skirmisher (level 7, -2/56 HPs)
             Began as a Demonspawn Berserker on Nov 29, 2015.
             Was an Elder of Trog.
             Slain by ketsa's ghost (8 damage)
             ... on level 4 of the Dungeon.
             The game lasted 00:47:33 (3681 turns).

plasmid the Skirmisher (Demonspawn Berserker)       Turns: 3681, Time: 00:47:33

Health: -2/56      AC:  3    Str: 17 (19) XL:     7   Next: 9%
Magic:  7/7        EV:  7    Int:  9      God:    Trog [****..]
Gold:   156        SH:  0    Dex: 12      Spells: 0 memorised, 6 levels left

rFire  . . .     SeeInvis .     h - +1 whip
rCold  . . .     Clarity  .     p - +0 leather armour
rNeg   + . .     SustAt   .     (no shield)
rPois  .         Gourm    .     (helmet restricted)
rElec  .         Spirit   .     (no cloak)
rCorr  .         Warding  .     (no gloves)
rMut   .         Stasis   .     (no boots)
MR     .....                    (no amulet)
Stlth  +.........               R - ring of flight
                                y - ring of positive energy

@: not resistant to hostile enchantments, very unstealthy
A: horns 2
a: Berserk, Trog's Hand, Brothers in Arms, Burn Spellbooks, Renounce Religion,
Evoke Flight


You were on level 4 of the Dungeon.
You worshipped Trog.
Trog was greatly pleased with you.
You were not hungry.

You visited 1 branch of the dungeon, and saw 4 of its levels.

You collected 156 gold pieces.

Inventory:

Hand Weapons
 a - a +0 mace
 e - a +0 trident
 f - a +0 mace of crushing
 h - a +1 whip (weapon)
 j - a +0 club
 m - a +0 dagger
 n - a +0 whip
 q - a +0 dagger
 r - a +0 whip
 t - a +0 club
 u - a +0 whip
 B - a +0 dagger
 K - a +0 hunting sling
 N - a +2 scythe of freezing
 S - a +0 trident
Missiles
 d - 80 arrows
 i - 129 stones
 v - 49 bolts
 w - 14 sling bullets
 z - 23 poisoned needles (quivered)
 C - 13 steel bolts
 I - 6 javelins
Armour
 b - a +0 animal skin
 o - a +0 leather armour
 p - a +0 leather armour (worn)
 A - a +0 buckler
 D - a +0 robe
 G - a +1 naga barding
 J - a cursed +0 leather armour
 O - a +0 robe
 P - a +2 helmet of see invisible
Jewellery
 y - a ring of positive energy (left hand)
 R - a ring of flight (right hand)
Scrolls
 g - a scroll of identify
 s - a scroll of enchant weapon
 H - 2 scrolls of remove curse
Potions
 k - a potion of might {unknown}
 l - a potion of mutation {unknown}
 F - a potion of heal wounds {unknown}
 L - a potion of poison {unknown}
Comestibles
 c - 2 bread rations
 x - 2 meat rations
 E - 3 fruits
 T - a chunk of flesh


   Skills:
 * Level 5.6 Fighting
 * Level 5.4 Maces & Flails
 + Level 2.2 Armour
 + Level 2.1 Dodging
 + Level 1.1 Shields


You had 6 spell levels left.
You didn't know any spells.

Dungeon Overview and Level Annotations

Branches:
Dungeon (4/15)
 Temple: D:4-7

Altars:
Ashenzari
Kikubaaqudgha
Okawaru
Sif Muna
Trog
Xom

Annotations:
D:4 ketsa's ghost, amateur DDFi


Innate Abilities, Weirdness & Mutations

You have a pair of horns on your head.


Message History

You hit ketsa's ghost but do no damage.
Ketsa's ghost is lightly damaged.
Ketsa's ghost closely misses you. Ketsa's ghost closely misses you.
It was a potion of degeneration.
There was something very wrong with that liquid.
You feel weakened. Ketsa's ghost closely misses you.
Ketsa's ghost hits you but does no damage.
Ketsa's ghost says, "Try not to bleed too much."
Ketsa's ghost hits you. Ketsa's ghost barely misses you.
Ketsa's ghost mumbles, "They all look like pillowcases to me..."
Ketsa's ghost hits you.
You completely miss ketsa's ghost. Ketsa's ghost hits you!
* * * LOW HITPOINT WARNING * * *
Ketsa's ghost misses you.
There is a stone staircase leading down here.
Ketsa's ghost hits you!
You die...

..............#
#P##.......##.#
#..##..###.##.#
P(._#### #.##.#
.P...#####.##.####
P⌠._P[)..........#
....#.#####.#.##.#
... #.### #...##W#
#. #...# #..###@#
##PP....# #......#
##.....# ##.#####
#.....# #..
#.....# ####
.....## #####.# ..


You could see ketsa's ghost.

Vanquished Creatures
  Sigmund (D:3)
  An iguana (D:4)
  Ijyb (D:3)
  Jessica (D:2)
  Natasha (twice) (D:3)
  5 orc wizards
  A worker ant (D:4)
  Robin (D:3)
  3 adders
  2 oozes (D:2)
  A giant gecko (D:2)
  11 orcs
  5 giant cockroaches
  19 hobgoblins
  2 jackals (D:3)
  A quokka (D:2)
  4 bats
  8 giant newts
  15 goblins
  8 kobolds
  5 rats
97 creatures vanquished.

Notes
Turn   | Place    | Note
--------------------------------------------------------------
     0 | D:1      | plasmid the Demonspawn Berserker began the quest for the Orb.
     0 | D:1      | Reached XP level 1. HP: 18/18 MP: 1/1
   344 | D:1      | Gained mutation: You have a pair of small horns on your head. [demonic ancestry]
   344 | D:1      | Reached XP level 2. HP: 24/24 MP: 2/2
   615 | D:1      | Reached ** piety under Trog
   874 | D:2      | Found a shattered altar of Ashenzari.
   915 | D:2      | Reached XP level 3. HP: 29/29 MP: 3/3
  1465 | D:2      | Noticed Jessica
  1479 | D:2      | Killed Jessica
  1479 | D:2      | Reached skill level 4 in Fighting
  1479 | D:2      | Reached XP level 4. HP: 19/37 MP: 4/4
  1836 | D:3      | Noticed Ijyb
  1849 | D:3      | Killed Ijyb
  2028 | D:3      | Noticed Sigmund
  2050 | D:3      | Killed Sigmund
  2050 | D:3      | Reached skill level 5 in Fighting
  2050 | D:3      | Reached XP level 5. HP: 13/44 MP: 5/5
  2050 | D:3      | Gained mutation: You have a pair of horns on your head. [demonic ancestry]
  2050 | D:3      | Reached XP level 6. HP: 14/51 MP: 6/6
  2262 | D:3      | Reached skill level 5 in Maces & Flails
  2552 | D:3      | Reached *** piety under Trog
  2763 | D:3      | Found an iron altar of Okawaru.
  2767 | D:3      | Found a bloodstained altar of Trog.
  2827 | D:3      | Noticed Natasha
  2841 | D:3      | Killed Natasha
  3016 | D:3      | Noticed Robin
  3044 | D:3      | Killed Robin
  3100 | D:3      | Found a deep blue altar of Sif Muna.
  3225 | D:3      | Noticed Natasha
  3240 | D:3      | Killed Natasha
  3422 | D:4      | Reached skill level 1 in Shields
  3429 | D:4      | Reached **** piety under Trog
  3429 | D:4      | Reached XP level 7. HP: 56/56 MP: 7/7
  3495 | D:4      | Found an ancient bone altar of Kikubaaqudgha.
  3505 | D:4      | Found a shimmering altar of Xom.
  3634 | D:4      | Noticed ketsa's ghost (amateur DDFi)
  3681 | D:4      | Slain by ketsa's ghost

Action                   |  1- 3 |  4- 6 |  7- 9 || total
-------------------------+-------+-------+-------++-------
Melee: Whip              |    99 |   187 |    76 ||   362
       Mace              |    12 |       |       ||    12
Throw: Stone             |    52 |       |       ||    52
Invok: Berserk           |     1 |     6 |     1 ||     8
  Use: Scroll            |     3 |     1 |     1 ||     5
       Potion            |       |     3 |     1 ||     4
  Eat: Chunk             |     2 |     7 |     2 ||    11
       Meat ration       |       |     1 |       ||     1
       Bread ration      |       |       |     1 ||     1
